 Dungeon Crawl Stone Soup version 0.27-a0-522-g46bbb28828 (webtiles) character file.

Game seed: 12527476105075924513

59 Frqise the Grasshopper (level 3, 0/32 HPs)
             Began as a Palentonga Warper on Mar 5, 2021.
             Succumbed to an adder's poison
             ... on level 2 of the Dungeon.
             The game lasted 00:03:46 (1609 turns).

Frqise the Grasshopper (Palentonga Warper)          Turns: 1609, Time: 00:03:46

Health: 0/32       AC:  4    Str: 15    XL:     3   Next: 78%
Magic:  6/6        EV:  9    Int: 13    God:
Gold:   100        SH:  0    Dex:  9    Spells: 6/6 levels left

rFire    x . .     SeeInvis +   a - +0 hand axe
rCold    + . .     Faith    .   (no shield)
rNeg     . . .     Spirit   .   b - +0 leather armour
rPois    .         Reflect  .   (no helmet)
rElec    .         Harm     .   (no cloak)
rCorr    .         Rampage  .   (no gloves)
Will     .....                  (no barding)
Stlth    +.........             (no amulet)
HPRegen  0.10/turn              j - +4 ring of slaying
MPRegen  0.10/turn              g - ring of ice

@: lethally poisoned (0 -> -6)
A: large, rugged brown scales 3, see invisible, deformed body, roll 1, armoured
tail
a: Rolling Charge


You were on level 2 of the Dungeon.
You visited 1 branch of the dungeon, and saw 2 of its levels.

You collected 100 gold pieces.

Inventory:

Hand Weapons
 a - a +0 hand axe (weapon)
Missiles
 e - 5 boomerangs of dispersal (quivered)
 h - 8 boomerangs
Armour
 b - a +0 leather armour (worn)
Jewellery
 g - a ring of ice (right hand)
 j - a +4 ring of slaying (left hand)
Scrolls
 d - a scroll of blinking
 f - a scroll of identify
 i - a scroll of amnesia {unknown}
 k - a scroll of immolation {unknown}
Potions
 c - a potion of brilliance


   Skills:
 + Level 2.3 Fighting
 + Level 3.0 Axes
 + Level 0.6 Throwing
 + Level 1.2 Armour
 + Level 1.8 Dodging
 + Level 2.1 Spellcasting
 + Level 3.4 Translocations


You had 6 spell levels left.
You didn't know any spells.
Your spell library contained the following spells:

 Spells                   Type           Power        Failure   Level
 Blink                    Tloc           N/A          12%         2
 Gell's Gravitas          Tloc           5%           22%         3
 Lesser Beckoning         Tloc           5%           22%         3
 Teleport Other           Tloc           10%          22%         3
 Manifold Assault         Tloc           10%          58%         4


Dungeon Overview and Level Annotations

Branches:
Dungeon (2/15)

Altars:


Innate Abilities, Weirdness & Mutations

You are completely covered in rugged brown scales. (AC +3, +7% HP)
You have supernaturally acute eyesight. (SInv)
Armour fits poorly on your strangely shaped body.
You can roll at nearby foes to attack.
You have a long armoured tail.


Message History

The adder is heavily wounded.
You feel sick. The adder bites you.
* * * LOW HITPOINT WARNING * * *
You are lethally poisoned!
The adder poisons you!
You miss the adder.
Your tail-slap misses the adder.
The adder is heavily wounded.
* * * LOW HITPOINT WARNING * * *
You feel sick. The adder bites you.
* * * LOW HITPOINT WARNING * * *
The adder bites you.
* * * LOW HITPOINT WARNING * * *
You hit the adder.
You kill the adder!
* * * LOW HITPOINT WARNING * * *
You feel sick. The bat hits you but does no damage.
Your Axes skill increases to level 3!
You barely miss the bat.
* * * LOW HITPOINT WARNING * * *
You feel sick. The bat hits you but does no damage. The bat barely misses you.
A bat comes into view.
The bat hits you but does no damage.
You barely miss the bat.
* * * LOW HITPOINT WARNING * * *
You feel sick. The bat closely misses you.
The rat twitches its whiskers.
As you read the scroll labelled XUEGEDI XASU, it crumbles to dust.
It is a scroll of identify.
c - a potion of brilliance
* * * LOW HITPOINT WARNING * * *
You feel sick. The bat closely misses you.
Blink to where?
Press: ? - help, Dir - move target
As you read the scroll of blinking, it crumbles to dust.
* * * LOW HITPOINT WARNING * * *
You feel sick. The bat hits you but does no damage.
The bat completely misses you.
You hit the bat.
You kill the bat!
You die...

. >...... .#..
....... . .. #.
....... #. ..#..
....?.. ##. #. #..
$...... #...#.#
#..####.......
#.... #$.§†r.......
#...###.###b.......
#.@..b.##<.......
#.####..#........
#.. b...../.. #..
.......... #..
....#...... ...
.....##.###. ##..
....... .# #..
........ .#


You could see a bat.

Vanquished Creatures
  2 adders (D:2)
  A shadow imp (D:2)
  4 dart slugs (D:1)
  A leopard gecko (D:1)
  5 bats
  2 goblins (D:1)
  3 hobgoblins
  2 jackals (D:1)
  3 kobolds (D:1)
  4 frilled lizards
  A rat (D:1)
28 creatures vanquished.

Notes
Turn   | Place    | Note
-------+----------+-------------------------------------------
     0 | D:1      | Frqise the Palentonga Warper began the quest for the Orb.
     0 | D:1      | Reached XP level 1. HP: 18/18 MP: 3/3
   148 | D:1      | Reached XP level 2. HP: 7/25 MP: 5/5
  1034 | D:1      | Reached XP level 3. HP: 17/31 MP: 6/6
  1587 | D:2      | Reached skill level 1 in Armour
  1606 | D:2      | HP: 1/32 [poisoned by an adder]
  1609 | D:2      | Succumbed to an adder's poison

Illustrated notes

Levels and vault maps discovered:
D:1:      lightli_arrival_isolated_outpost, layout_basic
D:2:      layout_rooms, serial_curves, eino_curves_02, eino_curves_04

Skill      XL: |  1  2  3 |
---------------+----------+-----
Armour         | 1 |  1.2
Axes           | 3 |  3.0
Fighting       | |  2.3
Throwing       | |  0.6
Dodging        | |  1.8
Spellcasting   | |  2.1
Translocations | |  3.4

Action                   || total
-------------------------++-------
Melee: Hand axe          ||    80
       Tailslap          ||     5
  Use: Scroll            ||     2
Armor: Leather armour    ||    70
Dodge: Dodged            ||    61

Table legend: (Time is in decaauts)
 A = Elapsed time spent in this place.
 B = Non-inter-level travel time spent in this place.
 C = Inter-level travel time spent in this place.
 D = Time resting spent in this place.
 E = Time spent auto-exploring this place.
 F = Levels seen in this place.
 G = Mean time per level.
                   A        B        C        D        E       F      G
               +--------+--------+--------+--------+--------+-----+--------+
         Total |   1629 |   1629 |      0 |    735 |    561 |   2 |  814.5 |
       Dungeon |   1629 |   1629 |      0 |    735 |    561 |   2 |  814.5 |
               +--------+--------+--------+--------+--------+-----+--------+

Top non-repeatable levels by time:
     D:1: 1592 daAuts
     D:2: 36 daAuts
